 Dungeon Crawl Stone Soup version 0.29-a0-221-gceb61267dd (webtiles) character file.

Game seed: 926085095802349347

693 timneilson the Covered (level 7, 0/44 HPs)
             Began as a Gargoyle Fighter on Feb 26, 2022.
             Slain by an ogre
             ... wielding a +0 giant spiked club
              (17 damage)
             ... on level 5 of the Dungeon.
             The game lasted 00:08:33 (5261 turns).

timneilson the Covered (Gargoyle Fighter)           Turns: 5261, Time: 00:08:34

Health: 0/44       AC: 23    Str: 22    XL:     7   Next: 64%
Magic:  7/7        EV:  8    Int:  8    God:
Gold:   253        SH:  5    Dex:  9    Spells: 6/6 levels left

rFire   . . .      SeeInvis .   a - +1 long sword
rCold   . . .      Faith    .   c - +0 buckler
rNeg    + . .      Spirit   .   l - +0 chain mail
rPois   ∞          Reflect  .   (no helmet)
rElec   +          Harm     .   f - +1 cloak
rCorr   .          Rampage  .   n - +0 pair of gloves
Will    .....                   g - +0 pair of boots
Stlth   ..........              (no amulet)
HPRegen 0.14/turn               r - +4 ring of protection
MPRegen 0.10/turn               (no ring)

@: no status effects
A: sickness immunity, AC +4, negative energy resistance 1, electricity
resistance, torment resistance 1, petrification resistance
a: no special abilities


You were on level 5 of the Dungeon.
You visited 1 branch of the dungeon, and saw 5 of its levels.

You collected 253 gold pieces.

Inventory:

Hand Weapons
 a - a +1 long sword (weapon)
Missiles
 o - 10 javelins (quivered)
Armour
 c - a +0 buckler (worn)
 f - a +1 cloak (worn)
 g - a +0 pair of boots (worn)
 l - a +0 chain mail (worn)
 n - a +0 pair of gloves (worn)
Jewellery
 q - a ring of fire
 r - a +4 ring of protection (left hand)
Scrolls
 s - a scroll of fog
 u - a scroll of teleportation
Potions
 b - a potion of haste {unknown}
 d - 2 potions of might
 e - 2 potions of ambrosia
 h - a potion of curing
 i - a potion of magic {unknown}
 j - 2 potions of flight {unknown}
 k - a potion of resistance {unknown}
 m - 2 potions of invisibility
 p - a potion of cancellation {unknown}


   Skills:
 + Level 4.4 Fighting
 * Level 4.0 Long Blades
 * Level 5.6 Armour
 + Level 2.1 Dodging
 * Level 5.5 Shields


You had 6 spell levels left.
You didn't know any spells.
Your spell library contained the following spells:

 Spells                   Type           Power      Damage    Failure   Level
 Animate Skeleton         Necr           0%         N/A       99%         1
 Pain                     Necr           0%         1d4       99%         1
 Stone Arrow              Conj/Erth      0%         3d7       100%        3
 Vampiric Draining        Necr           0%         2d6       100%        3
 Animate Armour           Summ/Erth      0%         N/A       100%        4
 Lehudib's Crystal Spear  Conj/Erth      0%         10d2      100%        8


Dungeon Overview and Level Annotations

Branches:
Dungeon (5/15)
 Temple: D:4-7

Altars:
Dithmenos
Elyvilon
Ru
Xom
Zin
The Shining One

Shops:
D:5 *


Innate Abilities, Weirdness & Mutations

You are immune to sickness and miasma.
Your stone body is resilient. (AC +4)
You are immune to poison.
You resist negative energy. (rN+)
You are resistant to electric shocks. (rElec)
You are resistant to unholy torment.
You are immune to petrification.


Message History

You completely miss the adder. The adder bites you but does no damage.
You block the adder's attack.
You hit the adder.
The adder is lightly wounded.
The adder barely misses you.
You slash the adder!
The adder is almost dead.
You block the adder's attack. The adder bites you but does no damage.
You barely miss the adder.
The adder is almost dead.
The adder barely misses you. The adder bites you but does no damage.
You slash the adder!
You kill the adder!
You see here an adder corpse.
You now have 242 gold pieces (gained 3).
Found a long sword.
You see here a +0 long sword.
Found a stone staircase leading down.
You now have 253 gold pieces (gained 11).
o - 10 javelins (gained 5)
An ogre comes into view. It is wielding a +0 giant spiked club.
The ogre shouts!
You hit the ogre.
The ogre is lightly wounded.
The ogre closely misses you.
You slash the ogre!
The ogre is moderately wounded.
The ogre hits you with a +0 giant spiked club!!
You hit the ogre.
The ogre is moderately wounded.
The ogre hits you with a +0 giant spiked club!!
* * * LOW HITPOINT WARNING * * *
You completely miss the ogre.
The ogre is moderately wounded.
The ogre barely misses you.
You barely miss the ogre.
The ogre is moderately wounded.
You feel better.
The ogre hits you with a +0 giant spiked club!
You die...

# #......# ...# .#
#...>.###..#
..####.........#
#..............#
#............#
##............##
#...######.....####
. #..##
##.......##..#.
...# ##....@O......
..## ##.........#.
..# #...........
..## #............
...#####
#...#########
#......#####.?##
######....##...
###...##.. ##..###.


You could see an ogre.

Vanquished Creatures
  An ice beast (D:5)
  An ogre (D:4)
  A phantom (D:4)
  A hound (D:5)
  2 orc priests
  2 iguanas (D:4)
  Natasha (twice) (D:3)
  8 adders
  7 gnolls
  An ufetubus (D:4)
  3 worms
  2 dart slugs
  9 orcs
  7 ball pythons
  2 bats
  10 endoplasms
  6 giant cockroaches
  12 goblins
  4 hobgoblins
  7 jackals
  5 quokkas
  2 frilled lizards
  4 kobolds
  5 rats
104 creatures vanquished.

Vanquished Creatures (others)
  3 plants (D:3)
3 creatures vanquished.

Grand Total: 107 creatures vanquished

Notes
Turn   | Place    | Note
-------+----------+-------------------------------------------
     0 | D:1      | timneilson the Gargoyle Fighter began the quest for the
                  | Orb.
     0 | D:1      | Reached XP level 1. HP: 14/14 MP: 1/1
    81 | D:1      | Reached XP level 2. HP: 15/19 MP: 2/2
   440 | D:1      | Reached XP level 3. HP: 22/23 MP: 3/3
   703 | D:1      | You fall into a shaft and drop 1 floor!
   843 | D:2      | Found a shadowy altar of Dithmenos.
  1330 | D:2      | Reached XP level 4. HP: 20/28 MP: 4/4
  1699 | D:2      | Reached skill level 1 in Dodging
  2386 | D:3      | Noticed Natasha
  2409 | D:3      | Reached XP level 5. HP: 26/33 MP: 5/5
  2413 | D:3      | Killed Natasha
  2657 | D:3      | Noticed an angel
  2658 | D:3      | Found a glowing silver altar of Zin.
  2658 | D:3      | Found a shimmering altar of Xom.
  2908 | D:3      | Noticed Natasha
  2917 | D:3      | Killed Natasha
  2941 | D:3      | Reached XP level 6. HP: 10/38 MP: 6/6
  3226 | D:3      | Found a faded altar of an unknown god.
  3733 | D:4      | Found a white marble altar of Elyvilon.
  3733 | D:4      | Found a sacrificial altar of Ru.
  3785 | D:4      | Found a glowing golden altar of the Shining One.
  3955 | D:4      | Reached skill level 5 in Armour
  3963 | D:4      | Reached skill level 5 in Shields
  4153 | D:4      | Reached XP level 7. HP: 43/43 MP: 7/7
  4864 | D:4      | Identified a scroll of acquirement
  4865 | D:4      | Acquired a +4 ring of protection
  4935 | D:5      | Entered Level 5 of the Dungeon
  4935 | D:5      | Found Zuenuu's Lightly-Used Armoury.
  5261 | D:5      | Slain by an ogre

Illustrated notes

Levels and vault maps discovered:
D:1:      dpeg_arrival_stonehenge_8_columns, layout_loops_ring
D:2:      layout_basic, basic_altar
D:3:      layout_basic, grunt_temple_overflow_order_and_chaos_1,
          shapermc_ecumenical_altar_petra, uniq_natasha
D:4:      layout_loops_ring, mainiacjoe_overflow_paths,
          mainiacjoe_overflow_divided_tiny, kennysheep_opposing_triangles
D:5:      layout_layer_cave, minmay_temple_entry_glass, serial_shops,
          nicolae_square_shop, kennysheep_minor_cross, minmay_shop_damaged

Skill      XL: |  1  2  3  4  5  6  7 |
---------------+----------------------+-----
Long Blades    | 2 3 4 |  4.0
Armour         | 4 5 |  5.6
Shields        | 4 5 |  5.5
Dodging        | 1 2 |  2.1
Fighting       | 4 |  4.4

Action                   |  1- 3 |  4- 6 |  7- 9 || total
-------------------------+-------+-------+-------++-------
Melee: Long sword        |   125 |   220 |    92 ||   437
  Use: Scroll            |       |     6 |     4 ||    10
       Potion            |       |     3 |     1 ||     4
Armor: Scale mail        |    94 |    22 |       ||   116
       Chain mail        |       |   108 |    57 ||   165
Dodge: Dodged            |    64 |    87 |    37 ||   188
Block: Buckler           |    28 |    46 |    14 ||    88

Table legend: (Time is in decaauts)
 A = Elapsed time spent in this place.
 B = Non-inter-level travel time spent in this place.
 C = Inter-level travel time spent in this place.
 D = Time resting spent in this place.
 E = Time spent auto-exploring this place.
 F = Levels seen in this place.
 G = Mean time per level.
                   A        B        C        D        E       F      G
               +--------+--------+--------+--------+--------+-----+--------+
         Total |   5395 |   5271 |    124 |    677 |   3444 |   5 | 1079.0 |
       Dungeon |   5395 |   5271 |    124 |    677 |   3444 |   5 | 1079.0 |
               +--------+--------+--------+--------+--------+-----+--------+

Top non-repeatable levels by time:
     D:3: 1420 daAuts
     D:4: 1335 daAuts
     D:2: 1326 daAuts
     D:1: 977 daAuts
     D:5: 336 daAuts
